 Dungeon Crawl Stone Soup version 0.32-a0-675-gdc239d62e1 (webtiles) character file.

Game seed: 8268866867842349587

33108 mopl the Convoker (level 13, 0/80 (96) HPs)
             Began as a Barachi Summoner on Mar 11, 2024.
             Was a High Priest of Sif Muna.
             Killed from afar by a laughing skull (30 damage)
             ... with a bolt of negative energy
             ... in a Gauntlet.
             The game lasted 00:49:20 (19244 turns).

mopl the Convoker (Barachi Summoner)               Turns: 19244, Time: 00:49:21

HP:   0/80 (96)     AC: 14    Str: 10    XL:     13   Next: 68%
MP:   15/29         EV: 14    Int: 28    God:    Sif Muna [*****.]
Gold: 937           SH:  5    Dex: 14    Spells: 1/37 levels left

rFire   . . .        a - +3 halberd
rCold   . . .        (shield currently unavailable)
rNeg    . . .        o - +2 leather armour of Sunlight {Will+ Int+3}
rPois   .            e - +2 hat
rElec   .            c - +0 cloak
rCorr   .            M - +0 pair of gloves
SInv    .            v - +0 pair of boots
Will    +....        C - amulet of reflection
Stlth   ++           p - +6 ring of intelligence
HPRegen 0.33/turn    E - +4 ring of protection
MPRegen 0.21/turn

%: no teleportation, reflection
@: very slightly contaminated, studying Staves, heavily drained, slow
A: amphibious, slowness 1, strong legs 2, +LOS
a: Hop, Renounce Religion, Channel Magic, Forget Spell, Divine Exegesis


You were in a Gauntlet.
You worshipped Sif Muna.
Sif Muna was extremely pleased with you.
You visited 4 branches of the dungeon, and saw 16 of its levels.
You also visited: Sewer and Gauntlet.

You collected 1299 gold pieces.
You spent 362 gold pieces at shops.

Inventory:

Hand Weapons
 a - a +3 halberd (weapon)
 b - the +9 mace "Hoguvyih" {freeze, rN+ Stlth+}
   (You found it on level 6 of the Dungeon)

   rN+:       It protects you from negative energy.
   Stlth+:    It makes you more stealthy.
 S - a +2 sling of electrocution
Missiles
 f - 12 curare-tipped darts
Armour
 c - a +0 cloak (worn)
 e - a +2 hat (worn)
 j - a +1 ring mail of fire resistance
 o - the +2 leather armour of Sunlight (worn) {Will+ Int+3}
   (You found it on level 2 of the Dungeon)

   Int+3:     It affects your intelligence (+3).
   Will+:     It increases your willpower.
 v - a +0 pair of boots (worn)
 G - a +0 kite shield
 M - a +0 pair of gloves (worn)
Jewellery
 d - an amulet of magic regeneration
 n - the amulet "Zaorche" {Acrobat Fly rF+ Will+ Str-4}
   (You found it in a Gauntlet)

   [amulet of the acrobat]

   Acrobat:   It increases your evasion while moving and waiting.
   Str-4:     It affects your strength (-4).
   rF+:       It protects you from fire.
   Will+:     It increases your willpower.
   Fly:       It grants you flight.
 p - a +6 ring of intelligence (left hand)
 C - an amulet of reflection (around neck)
 E - a +4 ring of protection (right hand)
 F - a ring of resist corrosion
 T - a ring of protection from cold
 Y - a +4 ring of protection
Wands
 i - a wand of acid (6)
 q - a wand of flame (36)
 w - a wand of iceblast (5)
 Q - a wand of mindburst (40)
 V - a wand of digging (5)
 X - a wand of polymorph (7)
 Z - a wand of paralysis (5)
Scrolls
 g - 3 scrolls of blinking
 h - 4 scrolls of teleportation
 r - a scroll of brand weapon {unknown}
 s - 4 scrolls of butterflies {unknown}
 x - 2 scrolls of fear {unknown}
 y - 6 scrolls of enchant weapon {unknown}
 H - 3 scrolls of immolation
 I - 3 scrolls of vulnerability
 K - 5 scrolls of poison {unknown}
 R - a scroll of fog {unknown}
 U - 3 scrolls of noise {unknown}
 W - a scroll of amnesia {unknown}
Potions
 k - 3 potions of haste
 l - 2 potions of heal wounds
 m - 2 potions of ambrosia
 t - 2 potions of attraction
 u - 2 potions of cancellation {unknown}
 z - a potion of invisibility
 A - 3 potions of might
 B - 4 potions of curing
 D - a potion of lignification {!q}
 J - 2 potions of magic
 O - a potion of enlightenment


   Skills:
 + Level 7.4 Fighting
 + Level 8.7 Polearms
 + Level 0.4 Armour
 + Level 6.9 Dodging
 - Level 1.7 Stealth
 + Level 5.4 Shields
 * Level 12.7 Spellcasting
 * Level 15.4 Summonings
 + Level 6.3 Invocations


You had one spell level left.
You knew the following spells:

 Your Spells              Type           Power      Damage    Failure   Level
a - Summon Lightning Spi  Summ/Air       57%        N/A       1%          4
b - Call Imp              Summ           100%       N/A       0%          2
c - Call Canine Familiar  Summ           81%        N/A       1%          3
d - Summon Ice Beast      Ice/Summ       57%        N/A       1%          3
e - Summon Small Mammal   Summ           100%       N/A       0%          1
f - Summon Forest         Summ/Tloc      28%        N/A       4%          5
g - Summon Blazeheart Go  Fire/Summ      57%        N/A       1%          4
h - Summon Hydra          Summ           40%        N/A       6%          7
m - Monstrous Menagerie   Summ           40%        N/A       6%          7

Your spell library contained the following spells:

 Spells                   Type           Power      Damage    Failure   Level
 Freeze                   Ice            68%        1d8       4%          1
 Animate Armour           Summ/Erth      100%       N/A       1%          4
 Static Discharge         Conj/Air       34%        3-5/arc   6%          2
 Frozen Ramparts          Ice            34%        1d6       12%         3
 Hailstorm                Conj/Ice       17%        3d6       12%         3
 Airstrike                Air            8%         2d(2-18)  38%         4
 Brom's Barrelling Bould  Conj/Erth      17%        2d4       38%         4
 Summon Horrible Things   Summ           40%        N/A       43%         8
 Fireball                 Conj/Fire      8%         3d6       75%         5
 Iskenderun's Battlesphe  Conj           17%        2d7       75%         5
 Conjure Ball Lightning   Conj/Air       8%         3x3d6     99%         6
 Orb of Destruction       Conj           8%         9d6       100%        7


Dungeon Overview and Level Annotations

Branches:
Dungeon (12/15)            Temple (1/1) D:6            Lair (1/5) D:11
    Orc (2/2) D:12            Elf (0/3) Orc:2         Sewer (visited)
Gauntlet (1/1)

Altars:
Ashenzari
Cheibriados
Dithmenos
Elyvilon
Fedhas
Gozag
Hepliaklqana
Kikubaaqudgha
Makhleb
Nemelex Xobeh
Okawaru
Qazlal
Ru
Sif Muna
Trog
Uskayaw
Vehumet
Wu Jian
Xom
Yredelemnul
Zin
The Shining One

Shops:
D:3 (   D:5 ::(   D:7 (   Orc:2 [*[:

Annotations:
Gauntlet 8 transporters, 4 runed translucent doors


Innate Abilities, Weirdness & Mutations

You are amphibious.
You cover ground slowly.
You can hop long distances.
You have an extended range of vision and can be seen from far away.


Message History

Your four-headed hydra closely misses the laughing skull.
Your four-headed hydra bites the laughing skull!
Your four-headed hydra closely misses the laughing skull.
Your ice beast hits the laughing skull.
The laughing skull is destroyed!
Sif Muna accepts your kill.
Unknown command.
You could not reach far enough!
The laughing skull cackles spitefully.
The bolt of negative energy hits your four-headed hydra!!
Your four-headed hydra is drained!
The bolt of negative energy hits you!!
You feel drained.
Your four-headed hydra barely misses the laughing skull.
Your four-headed hydra completely misses the laughing skull.
Your four-headed hydra closely misses the laughing skull.
Your four-headed hydra bites the laughing skull.
Your ice beast barely misses the laughing skull.
Your four-headed hydra misses the laughing skull.
Your four-headed hydra closely misses the laughing skull. x2
Your four-headed hydra bites the laughing skull but does no damage.
The laughing skull headbutts your four-headed hydra.
Unknown command.
You are too injured to fight recklessly!
Unknown command.
You enter the deep water.
Your ice beast closely misses the laughing skull.
The laughing skull headbutts your four-headed hydra.
Your four-headed hydra bites the laughing skull!
Your four-headed hydra closely misses the laughing skull.
Your four-headed hydra bites the laughing skull.
Your four-headed hydra misses the laughing skull.
Your ice beast misses the laughing skull.
Unknown command.
The laughing skull barely misses your four-headed hydra.
The laughing skull cackles spitefully.
The bolt of negative energy hits your four-headed hydra!
Your four-headed hydra is drained!
The bolt of negative energy hits you!!
You feel drained.
You die...
The laughing skull crumbles to pieces from sheer joy.

...##..♣.#..ß.ßbß#.#########.
.♣ ##...#[..ßbbh#.#.##©...#.
##≈...#.bß#ßhh#.#..##..##.
#≈≈...#########.#...#.###.
##≈.♣.........#©#©##.##.#©
##...#########.###.#...##
##≈...#..°°.z.#.##..##..#.
#≈≈.P.#?###z#.#.#....##.#.
##≈.♣.#)#@DY#z#.#########.
##.P.#©#≈©.#.#©#.........
##≈...#=#≈..#.###.♣P♣.♣..≈
#≈≈.P.#.###+#.#.....P...≈≈
##≈.♣.#.......#.♣PPP...###
##...#########.PPPP..≈#
#≈..................≈≈#
#≈≈≈#≈≈≈#≈≈≈#≈≈≈#≈≈≈####
##≈###≈###≈###≈###≈##


You could see a hell hog, a weeping skull, 2 hell hounds, 2 laughing skulls, 4
fire bats, a friendly four-headed hydra (summoned, drained) and a friendly ice
beast (summoned, drained).

Vanquished Creatures
  Fannar (D:12)
  A centaur warrior (D:12)
  A boulder beetle (D:12)
  An orc high priest (Orc:2)
  2 skeletal warriors (D:12)
  An orc knight (Orc:1)
  An orc sorcerer (Orc:2)
  A kobold blastminer (Orc:2)
  2 cyclopes
  A polar bear (Lair:1)
  2 slime creatures
  A vampire (D:12)
  A wyvern (D:11)
  7 yaks
  2 wargs (Orc:1)
  A water moccasin (D:8)
  A sky beast (D:8)
  2 ogres (Orc:2)
  23 orc warriors
  7 centaurs
  2 wolves (Lair:1)
  A phantom (D:5)
  3 bullfrogs
  3 scorpions
  A brain worm (Sewer)
  A killer bee (D:9)
  2 nameless horrors
  3 electric eels (D:8)
  A bombardier beetle (D:5)
  3 hounds
  4 orc priests
  A jelly (D:5)
  4 iguanas
  3 orc wizards
  A gnoll (D:5)
  10 adders
  2 river rats (Sewer)
  2 shadow imps
  2 white imps (Gauntlet)
  3 dart slugs
  2 ribbon worms
  36 orcs
  2 endoplasms (D:2)
  4 goblins (D:2)
  6 hobgoblins
  4 jackals
  3 quokkas
  5 ball pythons
  5 bats
  7 frilled lizards
  9 kobolds
  9 rats
203 creatures vanquished.

Vanquished Creatures (collateral kills)
  Rupert (D:12)
  2 boulder beetles
  2 two-headed ogres
  An orc high priest (Orc:2)
  2 skeletal warriors (D:12)
  4 orc knights
  An orc sorcerer (Orc:2)
  A cyclops (D:7)
  A manticore (D:12)
  A kobold blastminer (Orc:2)
  A black mamba (Lair:1)
  Joseph (D:10)
  A gargoyle (D:12)
  A cane toad (Lair:1)
  2 komodo dragons
  A yaktaur (D:12)
  An ice devil (Gauntlet)
  A troll (Orc:2)
  5 slime creatures
  A shadow (D:10)
  13 yaks
  A vampire (D:10)
  2 wyverns
  2 basilisks (D:11)
  2 wargs (Orc:2)
  2 steam dragons (D:8)
  5 water moccasins
  15 orc warriors
  2 sky beasts (D:7)
  An ice beast (D:10)
  A black bear (D:7)
  2 laughing skulls (Gauntlet)
  2 ogres
  8 centaurs
  8 wolves (Lair:1)
  A phantom (D:4)
  2 kobold brigands
  A brain worm (Sewer)
  3 bullfrogs
  2 scorpions (D:4)
  5 wights (D:6)
  3 killer bees (D:9)
  2 howler monkeys
  2 bombardier beetles
  4 hounds
  4 jellies
  10 orc priests
  2 iguanas
  13 orc wizards
  3 gnolls (D:5)
  7 adders
  3 river rats (Sewer)
  A shadow imp (D:7)
  A white imp (Gauntlet)
  2 ufetubi (D:6)
  A dart slug (D:4)
  34 orcs
  2 quokkas (D:3)
  2 ball pythons
  A frilled lizard (Sewer)
  6 kobolds
  5 rats
219 creatures vanquished.

Vanquished Creatures (others)
  11 blazeheart cores
11 creatures vanquished.

Grand Total: 433 creatures vanquished

Notes
Turn   | Place    | Note
-------+----------+-------------------------------------------
     0 | D:1      | mopl the Barachi Summoner began the quest for the Orb.
     0 | D:1      | Reached XP level 1. HP: 13/13 MP: 3/3
   157 | D:1      | Reached skill level 5 in Summonings
   251 | D:1      | Found a faded altar of an unknown god.
   304 | D:1      | Reached XP level 2. HP: 19/19 MP: 3/5
   307 | D:1      | Learned a level 2 spell: Call Imp
  1092 | D:2      | Reached XP level 3. HP: 19/24 MP: 7/7
  1096 | D:2      | Learned a level 3 spell: Call Canine Familiar
  1199 | D:2      | Reached skill level 3 in Spellcasting
  1549 | D:2      | Reached XP level 4. HP: 22/30 MP: 9/9
  1742 | D:2      | Identified the +2 leather armour of Sunlight {Will+ Int+3}
  2249 | D:3      | Found Mevav's Weapon Boutique.
  2390 | D:3      | Reached skill level 1 in Polearms
  2589 | D:3      | Reached skill level 6 in Summonings
  2611 | D:3      | Reached XP level 5. HP: 24/35 MP: 10/10
  2616 | D:3      | Learned a level 4 spell: Summon Blazeheart Golem
  2820 | D:4      | Noticed a phantom
  2995 | D:4      | Reached skill level 4 in Spellcasting
  3080 | D:4      | Found a glowing drain.
  3096 | Sewer    | Entered a sewer
  3136 | Sewer    | Reached XP level 6. HP: 30/41 MP: 12/12
  3273 | Sewer    | Reached skill level 2 in Polearms
  3491 | Sewer    | Reached skill level 7 in Summonings
  3726 | Sewer    | Reached skill level 5 in Spellcasting
  3726 | Sewer    | Reached XP level 7. HP: 41/46 MP: 9/14
  3745 | D:4      | Learned a level 4 spell: Summon Lightning Spire
  3775 | D:4      | Reached skill level 3 in Polearms
  3825 | D:4      | Reached skill level 8 in Summonings
  4043 | D:4      | Reached XP level 8. HP: 52/52 MP: 13/16
  4114 | D:4      | Reached skill level 6 in Spellcasting
  4433 | D:5      | Entered Level 5 of the Dungeon
  4433 | D:5      | Found Osilaz's Book Boutique.
  4433 | D:5      | Found Ohoumoj's Book Shoppe.
  4531 | D:5      | Reached skill level 9 in Summonings
  4539 | D:5      | Reached skill level 4 in Polearms
  4691 | D:5      | Found Jivah's Magic Scroll Shop.
  4697 | D:5      | Found Waloise's Antique Weapon Boutique.
  4701 | D:5      | Bought a scroll of blinking for 82 gold pieces
  4701 | D:5      | Bought a scroll of identify for 22 gold pieces
  4701 | D:5      | Bought a scroll of identify for 22 gold pieces
  4701 | D:5      | Bought a scroll of enchant armour for 82 gold pieces
  4701 | D:5      | Bought a scroll of immolation for 44 gold pieces
  4701 | D:5      | Bought a scroll of vulnerability for 44 gold pieces
  4701 | D:5      | Bought a scroll of teleportation for 33 gold pieces
  4884 | D:5      | Reached skill level 7 in Spellcasting
  5161 | D:6      | Reached XP level 9. HP: 42/57 MP: 17/20
  5179 | D:6      | Identified the +9 mace "Hoguvyih" {freeze, rN+ Stlth+}
  5216 | D:6      | Reached skill level 10 in Summonings
  5316 | D:6      | Found a staircase to the Ecumenical Temple.
  5543 | Temple   | Entered the Ecumenical Temple
  5556 | Temple   | Became a worshipper of Sif Muna the Loreminder
  5631 | D:6      | Reached skill level 5 in Polearms
  5631 | D:6      | Reached skill level 8 in Spellcasting
  6023 | D:7      | Found Fisuesy's Weapon Shoppe.
  6172 | D:7      | Reached skill level 1 in Invocations
  6399 | D:7      | Noticed a cyclops
  6439 | D:7      | Reached * piety under Sif Muna
  6443 | D:7      | Reached skill level 11 in Summonings
  6726 | D:7      | Killed a cyclops
  6727 | D:7      | Reached skill level 2 in Invocations
  6788 | D:7      | Reached XP level 10. HP: 57/63 MP: 18/22
  7233 | D:8      | Reached skill level 9 in Spellcasting
  7242 | D:8      | Noticed a two-headed ogre
  7727 | D:8      | Killed a two-headed ogre
  7728 | D:8      | Reached skill level 6 in Polearms
  7740 | D:8      | Reached skill level 12 in Summonings
  7902 | D:8      | Reached skill level 3 in Invocations
  8394 | D:9      | Found a radiant altar of Vehumet.
  8522 | D:9      | Reached skill level 1 in Fighting
  8663 | D:9      | Found a hide-covered altar of Uskayaw.
  8779 | D:9      | Reached skill level 2 in Fighting
  8781 | D:9      | Reached skill level 3 in Dodging
  8862 | D:9      | Found a transporter.
  8889 | D:9      | Found a transporter.
  8900 | D:9      | Reached skill level 10 in Spellcasting
  8972 | D:9      | Found a transporter.
  8996 | D:9      | Found a transporter.
  9161 | D:10     | Entered Level 10 of the Dungeon
  9225 | D:10     | Noticed a two-headed ogre
  9240 | D:10     | Killed a two-headed ogre
  9241 | D:10     | Reached XP level 11. HP: 73/73 MP: 16/25
  9273 | D:10     | Noticed Sonja
  9274 | D:10     | Sonja changed into Sonja the ice beast
  9274 | D:10     | Noticed Sonja
  9286 | D:10     | Killed Sonja the ice beast
  9638 | D:10     | Reached skill level 3 in Fighting
  9795 | D:10     | Reached ** piety under Sif Muna
  9889 | D:10     | Noticed Joseph
  9906 | D:10     | Killed Joseph
  9907 | D:10     | Reached skill level 4 in Invocations
  9966 | D:10     | Found a glowing golden altar of the Shining One.
 10238 | D:10     | Found an opulent altar of Gozag.
 10238 | D:10     | Found a faded altar of an unknown god.
 10245 | D:10     | Found a faded altar of an unknown god.
 10247 | D:10     | Found a sacrificial altar of Ru.
 10249 | D:10     | Found a glowing silver altar of Zin.
 10326 | D:11     | Reached skill level 13 in Summonings
 10406 | D:11     | Noticed a boulder beetle
 10470 | D:10     | Reached skill level 4 in Dodging
 10625 | D:10     | Reached skill level 7 in Polearms
 10627 | D:10     | Reached skill level 1 in Shields
 10891 | D:11     | Identified the +2 chain mail of Ocaxkymodi {Rampage rPois
                  | Str+3}
 10937 | D:11     | Reached skill level 4 in Fighting
 11006 | D:11     | Killed a boulder beetle
 11044 | D:11     | Found a staircase to the Lair.
 11215 | D:11     | Reached skill level 2 in Shields
 11331 | D:11     | Noticed a cyclops
 11346 | D:11     | Killed a cyclops
 11502 | D:12     | Reached skill level 11 in Spellcasting
 11521 | D:12     | Noticed Fannar
 11538 | D:12     | Killed Fannar
 11622 | D:12     | Found a shimmering blue altar of Sif Muna.
 11661 | D:12     | Reached XP level 12. HP: 84/85 MP: 27/27
 11693 | D:12     | Noticed a boulder beetle
 11709 | D:12     | Reached skill level 5 in Dodging
 11724 | D:12     | Killed a boulder beetle
 11725 | D:12     | Reached skill level 5 in Fighting
 11908 | D:12     | Found a staircase to the Orcish Mines.
 11956 | D:12     | Reached skill level 3 in Shields
 12130 | D:12     | Noticed a boulder beetle
 12144 | D:12     | Killed a boulder beetle
 12145 | D:12     | Noticed a centaur warrior
 12155 | D:12     | Killed a centaur warrior
 12156 | D:12     | Reached skill level 14 in Summonings
 12156 | D:12     | Reached skill level 5 in Invocations
 12785 | D:12     | Noticed Rupert
 12787 | D:12     | Paralysed by Rupert for 3 turns
 12809 | D:12     | Killed Rupert
 12827 | D:12     | Reached skill level 4 in Shields
 13033 | D:11     | Reached *** piety under Sif Muna
 13160 | D:12     | Reached skill level 6 in Fighting
 13160 | D:12     | Reached skill level 8 in Polearms
 13495 | Orc:1    | Entered Level 1 of the Orcish Mines
 13587 | Orc:2    | Entered Level 2 of the Orcish Mines
 14260 | Orc:2    | Found a staircase to the Elven Halls.
 15108 | Orc:2    | Reached skill level 6 in Dodging
 15138 | Orc:1    | Reached skill level 12 in Spellcasting
 15549 | Orc:1    | Gained mutation: You can hop long distances. [Barachi
                  | growth]
 15549 | Orc:1    | Reached XP level 13. HP: 39/94 MP: 26/29
 16658 | Orc:2    | Reached **** piety under Sif Muna
 17110 | Orc:2    | Reached skill level 15 in Summonings
 17131 | Orc:2    | Reached skill level 6 in Invocations
 17131 | Orc:2    | Found Fakatul's Assorted Antiques.
 17131 | Orc:2    | Found Gugahih's Armour Boutique.
 17131 | Orc:2    | Found Urakuqoe's Book Shop.
 17134 | Orc:2    | Found Ruurph's Antique Armour Emporium.
 17635 | Orc:2    | Bought a scroll labelled KOCRUM LAGIESA for 33 gold pieces
 17926 | Orc:2    | Reached skill level 5 in Shields
 17981 | Orc:2    | Reached skill level 7 in Fighting
 18003 | Orc:2    | Paralysed by an orc sorcerer for 5 turns
 18692 | Lair:1   | Entered Level 1 of the Lair of Beasts
 18704 | Lair:1   | Reached ***** piety under Sif Muna
 18890 | Lair:1   | Found a gate leading to a gauntlet.
 18905 | Gauntlet | Entered a Gauntlet
 18905 | Gauntlet | Found a transporter.
 18908 | Gauntlet | Found a transporter.
 18909 | Gauntlet | Found a transporter.
 18922 | Gauntlet | Found a transporter.
 18925 | Gauntlet | Found a transporter.
 18929 | Gauntlet | Found a runed translucent door.
 18929 | Gauntlet | Found a runed translucent door.
 18935 | Gauntlet | Found a transporter.
 18950 | Gauntlet | Found a transporter.
 18959 | Gauntlet | Found a runed translucent gate.
 18960 | Gauntlet | Found a transporter.
 18960 | Gauntlet | Found a runed translucent gate.
 18961 | Gauntlet | Found a runed translucent gate.
 18963 | Gauntlet | Noticed a quicksilver ooze
 18969 | Gauntlet | Noticed an entropy weaver
 18970 | Gauntlet | Found a transporter.
 18985 | Gauntlet | Found a transporter.
 18999 | Gauntlet | Found a transporter.
 19000 | Gauntlet | Found a transporter.
 19037 | Gauntlet | Identified the amulet "Zaorche" {Acrobat Fly rF+ Will+
                  | Str-4}
 19046 | Gauntlet | Received a gift from Sif Muna
 19051 | Gauntlet | Got Mnoleg's Folio of Leadership {god gift}
 19056 | Gauntlet | Learned a level 3 spell: Summon Ice Beast
 19064 | Gauntlet | Learned a level 7 spell: Summon Hydra
 19072 | Gauntlet | Learned a level 7 spell: Monstrous Menagerie
 19078 | Gauntlet | Learned a level 5 spell: Summon Forest
 19125 | Gauntlet | Found a transporter.
 19244 | Gauntlet | Killed from afar by a laughing skull

Illustrated notes

Levels and vault maps discovered:
D:1:      amcnicky_arrival_gap_in_the_tavern_cellar, layout_basic,
          serial_co_window_serial, co_window_of_opportunity_a,
          co_window_paths_b, co_window_corner_a, co_window_paths_a,
          co_window_paths_a, co_window_paths_b, co_window_paths_b,
          co_window_corner_cb, co_window_broadway_c, co_window_corner_b,
          co_window_4corner_b, glass_columns_a, glass_columns_b,
          glass_columns_b, glass_columns_b,
          hellmonk_ecumenical_altar_leap_of_faith
D:2:      minmay_general_purpose_star, layout_basic
D:3:      layout_rooms, serial_shops, shop_coins, nicolae_twisty_statue_hallways
D:4:      layout_basic, portal_sewer_entry_d, minmay_manual_mares
D:5:      layout_cave_pools, serial_shops, nicolae_shop_statue_plus,
          nicolae_shop_advertising_works [nicolae_subvault_shop_adworks], shop,
          shop
D:6:      layout_cave_pools, minmay_temple_entry_statues,
          minmay_misc_feat_ornament
D:7:      layout_basic, serial_shops, nicolae_shop_getting_attention
D:8:      layout_basic, kennysheep_boxes
D:9:      layout_rooms, mainiacjoe_overflow_catwalk_spiral,
          nicolae_transporter_intersection
D:10:     layout_roguey, chequers_temple_overflow_minitemple, tso_metal_star,
          hex_large, uniq_joseph, uniq_sonja
D:11:     layout_irregular_city, minmay_lair_entry_grove, st_stairs_6
D:12:     layout_basic, orc_0_dummy, nicolae_sif_muna_condensation, uniq_rupert,
          uniq_fannar
Temple:   nicolae_temple_superstar
Lair:1:   layout_cave_pods, gauntlet_entry_generic, uniq_maggie
Orc:1:    layout_caves, minmay_orc_barracks
Orc:2:    st_orc_rangers, layout_caves
Gauntlet: minmay_gauntlet_77_tree [minmay_gauntlet_arena_77_mirror,
          minmay_gauntlet_arena_77_fan, minmay_gauntlet_arena_77_tiled_triplets,
          minmay_gauntlet_arena_77_shame_cube,
          minmay_gauntlet_arena_77_terracotta_army,
          minmay_gauntlet_arena_77_run_for_it,
          minmay_gauntlet_arena_77_two_paths,
          nicolae_gauntlet_exit_dead_adventurers]

Skill      XL: |  1  2  3  4  5  6  7  8  9 10 11 12 13 |
---------------+----------------------------------------+-----
Summonings     | 5 6 7 8 9 11 12 13 14 15 | 15.4
Spellcasting   | 3 4 5 7 8 10 11 12 | 12.7
Polearms       | 1 2 3 4 5 6 7 8 |  8.7
Invocations    | 2 3 4 5 6 |  6.3
Fighting       | 2 4 6 7 |  7.4
Dodging        | 3 4 6 |  6.9
Shields        | 2 4 5 |  5.4
Armour         | |  0.4
Stealth        | |  1.7

Action                     |  1- 3 |  4- 6 |  7- 9 | 10-12 | 13-15 || total
---------------------------+-------+-------+-------+-------+-------++-------
  Melee: Short sword       |    80 |       |       |       |       ||    80
         Unarmed           |    10 |       |       |    10 |       ||    20
         Trident           |    53 |   237 |   328 |   351 |       ||   969
         Mace              |       |       |       |    61 |    99 ||   160
         Halberd           |       |       |       |       |   159 ||   159
   Cast: Summon Small Mamm |     3 |     2 |     3 |     3 |       ||    11
         Call Canine Famil |       |     6 |    22 |    44 |    17 ||    89
         Call Imp          |       |     5 |    10 |    19 |     1 ||    35
         Summon Blazeheart |       |       |     3 |    27 |     3 ||    33
         Summon Lightning  |       |       |     2 |    48 |    26 ||    76
         Summon Hydra      |       |       |       |       |     3 ||     3
         Summon Ice Beast  |       |       |       |       |     1 ||     1
         Monstrous Menager |       |       |       |       |     1 ||     1
Ability: Hop               |       |     1 |     3 |    11 |     4 ||    19
  Evoke: Wand              |       |     1 |       |    19 |       ||    20
    Use: Scroll            |       |       |       |    10 |       ||    10
         Potion            |       |       |       |     5 |     1 ||     6
   Stab: Sleeping          |     1 |     3 |     4 |       |       ||     8
         Distracted        |       |     1 |     2 |     7 |     2 ||    12
 Armour: Robe              |    77 |   152 |   223 |   171 |       ||   623
         Skin              |       |       |       |    20 |       ||    20
         Leather armour    |       |       |       |   178 |   265 ||   443
  Dodge: Dodged            |   110 |   181 |   178 |   310 |   261 ||  1040
  Block: Other             |       |       |    75 |   105 |    97 ||   277
         Reflection        |       |       |     3 |    22 |    33 ||    58

Table legend: (Time is in decaauts)
 A = Elapsed time spent in this place.
 B = Non-inter-level travel time spent in this place.
 C = Inter-level travel time spent in this place.
 D = Time resting spent in this place.
 E = Time spent auto-exploring this place.
 F = Levels seen in this place.
 G = Mean time per level.
                   A        B        C        D        E       F      G
               +--------+--------+--------+--------+--------+-----+--------+
         Total |  21422 |  20439 |    983 |   6594 |   8262 |  18 | 1190.1 |
       Dungeon |  14503 |  13752 |    751 |   3165 |   7271 |  12 | 1208.6 |
        Temple |     31 |     16 |     15 |      0 |      0 |   1 |   31.0 |
          Lair |    243 |    243 |      0 |      0 |      0 |   1 |  243.0 |
  Orcish Mines |   5559 |   5343 |    216 |   3084 |    855 |   2 | 2779.5 |
         Sewer |    707 |    707 |      0 |    286 |    136 |   1 |  707.0 |
      Gauntlet |    377 |    377 |      0 |     59 |      0 |   1 |  377.0 |
               +--------+--------+--------+--------+--------+-----+--------+

Top non-repeatable levels by time:
   Orc:1: 3624 daAuts
   Orc:2: 1935 daAuts
    D:12: 1818 daAuts
    D:10: 1681 daAuts
     D:8: 1566 daAuts
     D:2: 1410 daAuts
    D:11: 1302 daAuts
     D:1: 1203 daAuts
     D:6: 1125 daAuts
     D:4: 1101 daAuts
     D:7: 885 daAuts
     D:9: 848 daAuts
     D:5: 791 daAuts
     D:3: 767 daAuts
   Sewer: 707 daAuts
